 Dungeon Crawl Stone Soup version 0.31-a0-128-g25add195a6 (webtiles) character file.

Game seed: 17350557771391839693

99 Newt the Shooter (level 5, 0/52 HPs)
             Began as a Kobold Hunter on June 1, 2023.
             Succumbed to Terence's poison
             ... on level 3 of the Dungeon.
             The game lasted 00:02:22 (2328 turns).

Newt the Shooter (Kobold Hunter)                    Turns: 2328, Time: 00:02:23

Health: 0/52       AC: 22    Str:  9    XL:     5   Next: 2%
Magic:  5/5        EV:  3    Int: 16    God:
Gold:   135        SH:  0    Dex: 20    Spells: 4/4 levels left

rFire   + . .        a - +0 shortbow
rCold   . . .        (shield currently unavailable)
rNeg    . . .        c - melded +0 leather armour
rPois   +            f - melded +2 hat
rElec   .            (cloak currently unavailable)
rCorr   .            (gloves currently unavailable)
SInv    .            (boots currently unavailable)
Will    .....        (no amulet)
Stlth   +++          i - +6 ring of intelligence
HPRegen 0.28/turn    l - ring of protection from fire
MPRegen 0.09/turn

%: no passive effects
@: lethally poisoned (0 -> -8), tree-form
A: stationary, stasis, torment immunity, boosted hp, small, no large weapons,
nightstalker 3
a: no special abilities


You were on level 3 of the Dungeon.
You were a tree.
You visited 1 branch of the dungeon, and saw 3 of its levels.

You collected 135 gold pieces.

Inventory:

Hand Weapons
 a - a +0 shortbow (weapon)
Armour
 c - a +0 leather armour (melded)
 f - a +2 hat (melded)
Jewellery
 d - a ring of flight
 i - a +6 ring of intelligence (left branch)
 l - a ring of protection from fire (right branch)
Wands
 o - a wand of iceblast (5)
Scrolls
 g - a scroll of amnesia
 h - a scroll of teleportation
Potions
 j - a potion of mutation
 k - 2 potions of invisibility
 m - 2 potions of heal wounds
 n - a potion of might


   Skills:
 - Level 5.0 Fighting
 + Level 5.7 Ranged Weapons
 - Level 2.4 Dodging
 - Level 1.3 Stealth


You had 4 spell levels left.
You didn't know any spells.
Your spell library contained the following spells:

 Spells                   Type           Power      Damage    Failure   Level
 Shock                    Conj/Air       0%         1d3       26%         1
 Static Discharge         Conj/Air       0%         2-2/arc   36%         2
 Mephitic Cloud           Conj/Pois/Air  0%         N/A       58%         3


Dungeon Overview and Level Annotations

Branches:
Dungeon (3/15)

Altars:
Kikubaaqudgha
Trog
Yredelemnul

Annotations:
D:3 Terence


Innate Abilities, Weirdness & Mutations

You are a tree.
Your roots penetrate the ground, keeping you stationary.
You cannot be teleported.
You are immune to unholy pain and torment.
Your maximum health is greatly increased.
Your equipment is partially melded.
You are small and have problems with some larger weapons.
You are completely attuned to the shadows.


Message History

Terence hits you with a +2 hand axe of venom!
You feel sick.
You feel sick. Terence attacks as you move away!
Terence hits you with a +2 hand axe of venom.
You are more poisoned.
You feel very sick.
Terence screams, "I'm going to kill you!"
Terence attacks as you move away!
Terence hits you with a +2 hand axe of venom.
You are lethally poisoned!
* * * LOW HITPOINT WARNING * * *
You feel very sick.
As you read the scroll of butterflies, it crumbles to dust.
You hear the flapping of tiny wings.
Terence is knocked back by the sudden gust.
* * * LOW HITPOINT WARNING * * *
You feel very sick. The rat closely misses your butterfly.
Terence hits your butterfly with a +2 hand axe of venom.
Your butterfly dies!
Your butterfly disappears in a burst of colours!
Terence misses your butterfly.
Terence hits your butterfly with a +2 hand axe of venom.
Your butterfly dies!
Your butterfly disappears in a burst of colours!
Unknown command.
You swap places.
* * * LOW HITPOINT WARNING * * *
You feel very sick. The rat barely misses your butterfly.
Terence closely misses your butterfly. Terence misses your butterfly.
Terence hits your butterfly with a +2 hand axe of venom.
Your butterfly dies!
Your butterfly disappears in a burst of colours!
Unknown command.
It was a potion of lignification.
You turn into a tree.
Your +2 hat melds into your body.
Your +0 leather armour melds into your body.
Your roots penetrate the ground.
You die...

....# ..[.########
.....##..'†## .....#...##.#
..... .........##.#.bb #...
......._.##.#bbb #r.
.........##.#.bb #.###.
.....#)..##.#bb.######.....
.....##..^###.bb♣bb@rb.###.
......##### #######b.b.#
......###########.......#
...)..##.......##.#..b..#
......##.......##.#.....#
.......#..........###...
.......#..........## ...
....................
......##.......#########


You could see Terence (ally target) and a rat (ally target).

Vanquished Creatures
  An adder (D:2)
  2 worms (D:2)
  An orc (D:3)
  5 ball pythons (D:1)
  4 bats
  5 endoplasms
  6 giant cockroaches
  9 goblins
  4 hobgoblins
  10 jackals
  7 quokkas
  5 frilled lizards
  9 kobolds
  6 rats
74 creatures vanquished.

Notes
Turn   | Place    | Note
-------+----------+-------------------------------------------
     0 | D:1      | Newt the Kobold Hunter began the quest for the Orb.
     0 | D:1      | Reached XP level 1. HP: 12/12 MP: 1/1
     6 | D:1      | Got the Almanac of Lightning
   122 | D:1      | Reached XP level 2. HP: 18/18 MP: 2/2
   350 | D:1      | Reached XP level 3. HP: 23/23 MP: 3/3
  1089 | D:2      | Reached XP level 4. HP: 21/30 MP: 4/4
  1804 | D:2      | Reached skill level 5 in Fighting
  2014 | D:3      | Found a basalt altar of Yredelemnul.
  2143 | D:3      | Found a bloodstained altar of Trog.
  2170 | D:3      | Reached XP level 5. HP: 33/35 MP: 5/5
  2237 | D:3      | Found an ancient bone altar of Kikubaaqudgha.
  2316 | D:3      | Noticed Terence
  2327 | D:3      | HP: 1/35 [poisoned by Terence]
  2328 | D:3      | Succumbed to Terence's poison

Illustrated notes

Levels and vault maps discovered:
D:1:      mrwooster_arrival_statue_3, layout_loops_corners
D:2:      layout_basic, dk_noncrumbling_4
D:3:      layout_basic, mainiacjoe_overflow_cross_hatched, trog_butcher_becter,
          mainiacjoe_overflow_alcove_4, uniq_robin, uniq_terence

Skill      XL: |  1  2  3  4 |
---------------+-------------+-----
Fighting       | 3 4 5 |  5.0
Ranged Weapons | |  5.7
Dodging        | |  2.4
Stealth        | |  1.3

Action                     |  1- 3 |  4- 6 || total
---------------------------+-------+-------++-------
   Fire: Shortbow          |   102 |   111 ||   213
    Use: Scroll            |       |     9 ||     9
         Potion            |       |     2 ||     2
 Armour: Leather armour    |    13 |    12 ||    25
  Dodge: Dodged            |    42 |    39 ||    81

Table legend: (Time is in decaauts)
 A = Elapsed time spent in this place.
 B = Non-inter-level travel time spent in this place.
 C = Inter-level travel time spent in this place.
 D = Time resting spent in this place.
 E = Time spent auto-exploring this place.
 F = Levels seen in this place.
 G = Mean time per level.
                   A        B        C        D        E       F      G
               +--------+--------+--------+--------+--------+-----+--------+
         Total |   2365 |   2311 |     54 |     22 |   1906 |   3 |  788.3 |
       Dungeon |   2365 |   2311 |     54 |     22 |   1906 |   3 |  788.3 |
               +--------+--------+--------+--------+--------+-----+--------+

Top non-repeatable levels by time:
     D:1: 1028 daAuts
     D:2: 1014 daAuts
     D:3: 321 daAuts
